 Dungeon Crawl Stone Soup version 0.22-a0-799-g88f5e907b7 (webtiles) character file.

37358 Singularity42 the Basher (level 13, -17/82 HPs)
             Began as a Gargoyle Fighter on July 21, 2018.
             Was a High Priest of Makhleb.
             Demolished by a five-headed hydra simulacrum (37 damage)
             ... on level 6 of the Lair of Beasts.
             The game lasted 01:03:32 (14924 turns).

Singularity42 the Basher (Gargoyle Fighter)        Turns: 14924, Time: 01:03:32

Health: -17/82     AC: 32    Str: 30    XL:     13   Next: 96%
Magic:  20/20      EV:  7    Int:  9    God:    Makhleb [*****.]
Gold:   629        SH: 17    Dex:  9    Spells: 12/12 levels left

rFire    . . .     SeeInvis .   a - +6 morningstar (vamp)
rCold    . . .     Gourm    .   c - +0 shield
rNeg     + . .     Faith    .   J - +0 plate armour "Tecas" {-Cast rPois Str+5 Stlth+} (curse)
rPois    ∞         Spirit   .   k - +1 helmet
rElec    +         Reflect  +   E - scarf {cloud immunity}
rCorr    .         Harm     .   (no gloves)
MR       +....     NoCast   +   R - +0 pair of boots
Stlth    ..........             G - +4 amulet of reflection
HPRegen  0.23/turn              S - ring of protection from magic
MPRegen  0.17/turn              D - +5 ring of protection

@: no status effects
A: negative energy resistance 1, electricity resistance, unbreathing,
petrification resistance, rot immunity, AC +9
a: Minor Destruction, Lesser Servant of Makhleb, Major Destruction, Greater
Servant of Makhleb, Renounce Religion


You were on level 6 of the Lair of Beasts.
You worshipped Makhleb.
Makhleb was extremely pleased with you.
You were not hungry.

You visited 3 branches of the dungeon, and saw 17 of its levels.
You also visited: Labyrinth.

You collected 1091 gold pieces.
You spent 462 gold pieces at shops.

Inventory:

Hand Weapons
 a - a +6 vampiric morningstar (weapon)
 x - a +5 eveningstar
Missiles
 l - 456 stones
 w - 21 silver javelins (quivered)
Armour
 c - a +0 shield (worn)
 k - a +1 helmet (worn)
 E - a scarf of cloud immunity (worn)
 J - the cursed +0 plate armour "Tecas" (worn) {-Cast rPois Str+5 Stlth+}
   (You took it off an orc on level 8 of the Dungeon)

   It affects your strength (+5).
   It protects you from poison.
   It prevents spellcasting.
   It makes you more stealthy.
   It has a curse placed upon it.
 R - a +0 pair of boots (worn)
Jewellery
 g - the amulet "Sicrerph" {Faith rPois MR+ Dex-3}
   (You took it off a minotaur in a labyrinth)

   [amulet of faith]

   It allows you to gain divine favour quickly.
   It affects your dexterity (-3).
   It protects you from poison.
   It affects your resistance to hostile enchantments.
 v - an uncursed amulet of the acrobat
 D - a +5 ring of protection (right hand)
 G - a +4 amulet of reflection (around neck)
 I - an uncursed ring of positive energy
 S - a ring of protection from magic (left hand)
Wands
 b - a wand of random effects (21)
 q - a wand of iceblast (44)
 H - a wand of polymorph (22)
 K - a wand of digging (9)
 L - a wand of clouds (4)
 N - a wand of flame (44)
 P - a wand of acid (25)
Scrolls
 d - 3 scrolls of teleportation
 h - 3 scrolls of enchant armour
 n - 6 scrolls of remove curse
 r - 3 scrolls of identify
 t - a scroll of magic mapping {unknown}
 u - 2 scrolls of blinking
 y - 7 scrolls of amnesia
 z - 2 scrolls of immolation
 A - a scroll of fear
 Q - a scroll of summoning {unknown}
 T - a scroll of acquirement {unknown}
 U - a scroll of vulnerability {unknown}
Potions
 e - 3 potions of heal wounds
 i - 6 potions of lignification
 j - a potion of magic
 m - a potion of haste
 o - 10 potions of curing
 p - a potion of invisibility
 s - 5 potions of mutation
 B - 5 potions of agility
 C - 3 potions of flight
 F - 3 potions of might
Miscellaneous
 O - a fan of gales
Comestibles
 f - 36 rations
 M - 36 chunks of flesh


   Skills:
 + Level 9.8 Fighting
 * Level 13.9 Maces & Flails
 + Level 9.8 Armour
 + Level 12.4 Shields
 * Level 9.7 Invocations
 + Level 4.3 Evocations


You had 12 spell levels left.
You didn't know any spells.
Your spell library contained the following spells:

 Spells                   Type           Power        Failure   Level  Hunger
 Magic Dart               Conj           #...         99%         1    ##.....
 Apportation              Tloc           #.....       99%         1    ##.....
 Lightning Bolt           Conj/Air       #.........   100%        5    ######.
 Confuse                  Hex            #.......     100%        3    ####...
 Throw Frost              Conj/Ice       #.....       99%         2    ###....
 Teleport Other           Tloc           #.......     100%        3    ####...
 Summon Small Mammal      Summ           #...         99%         1    ##.....
 Blink                    Tloc           N/A          99%         2    ###....
 Iskenderun's Mystic Bla  Conj           #.......     100%        4    #####..
 Animate Skeleton         Necr           N/A          99%         1    ##.....
 Freeze                   Ice            #...         99%         1    ##.....
 Summon Ice Beast         Ice/Summ       #.......     100%        4    #####..
 Ozocubu's Armour         Chrm/Ice       #.......     100%        3    ####...
 Shock                    Conj/Air       #...         99%         1    ##.....
 Swiftness                Chrm/Air       #.......     99%         2    ###....
 Spider Form              Tmut/Pois      #.........   100%        3    ####...
 Blade Hands              Tmut           #.........   100%        5    ######.
 Ice Form                 Ice/Tmut       #.......     100%        4    #####..
 Throw Icicle             Conj/Ice       #.......     100%        4    #####..
 Airstrike                Air            #.........   100%        4    #####..
 Confusing Touch          Hex            #.....       99%         1    ##.....
 Sticks to Snakes         Tmut           #.......     99%         2    ###....
 Metabolic Englaciation   Hex/Ice        #.........   100%        5    ######.
 Static Discharge         Conj/Air       #.......     100%        3    ####...
 Petrify                  Tmut/Erth      #.......     100%        4    #####..
 Passage of Golubria      Tloc           N/A          100%        4    #####..
 Shroud of Golubria       Chrm/Tloc      #.........   99%         2    ###....
 Beastly Appendage        Tmut           #.....       99%         1    ##.....
 Fulminant Prism          Conj/Hex       #.........   100%        4    #####..
 Dazzling Spray           Conj/Hex       #.....       100%        3    ####...
 Force Lance              Conj/Tloc      #.......     100%        4    #####..
 Searing Ray              Conj           #.....       99%         2    ###....
 Gell's Gravitas          Tloc           #.........   100%        3    ####...
 Yara's Violent Unravell  Hex/Tmut       #.........   100%        5    ######.
 Lesser Beckoning         Tloc           #.........   100%        3    ####...


Dungeon Overview and Level Annotations

Branches:
Dungeon (10/15)            Temple (1/1) D:7            Lair (6/6) D:8
  Swamp (0/4) Lair:4       Spider (0/4) Lair:4        Slime (0/5) Lair:5
    Orc (0/2) D:10

Altars:
Ashenzari
Cheibriados
Dithmenos
Elyvilon
Fedhas
Gozag
Hepliaklqana
Kikubaaqudgha
Makhleb
Nemelex Xobeh
Okawaru
Qazlal
Ru
Sif Muna
Trog
Uskayaw
Vehumet
Wu Jian
Xom
Yredelemnul
Zin
The Shining One

Shops:
D:9 *[}*}   D:10 :

Annotations:
D:10 1 runed door, Azzok's ghost, novice GrEE
Lair:5 exclusion: 2 oklob plants
Lair:6 faabs's ghost, journeyman GrEE


Innate Abilities, Weirdness & Mutations

You are resistant to torment.
Your stone body is resilient. (AC +9)
You are immune to poison.
You resist negative energy. (rN+)
You are resistant to electric shocks. (rElec)
You can survive without breathing.
You are immune to petrification.
You are immune to rotting.


Message History

You feel better.
A spiny frog simulacrum comes into view.
The rime drake closely misses you.
Your hellwing closely misses the rime drake.
Your hellwing hits the rime drake!
The rime drake dies!
Makhleb accepts your kill.
Your hellwing hits the five-headed hydra simulacrum! x2
You puncture the five-headed hydra simulacrum!
The five-headed hydra simulacrum is severely damaged.
You block the rime drake's attack.
The five-headed hydra simulacrum bites you but does no damage.
The five-headed hydra simulacrum bites you!
The five-headed hydra simulacrum freezes you!!
* * * LOW HITPOINT WARNING * * *
You block the five-headed hydra simulacrum's attack.
The five-headed hydra simulacrum bites you.
* * * LOW HITPOINT WARNING * * *
The five-headed hydra simulacrum freezes you!!!
You die...
P.................P.............. .... .P. .... ## PPP . ###..
PP.

.. ##... ... ...
..ZZ .#. ....##4W#
... .....#kZ#
..#.... #4@##
#..#(... #...###
##..##.P..
##....####...#.....
#..........##.....
##.........#......
##.......##......
#..###'''###.......
#..............##..
....................


You could see a rime drake, faabs's ghost, a black mamba simulacrum, a
five-headed hydra simulacrum, a spiny frog simulacrum and 2 friendly hellwings.

Vanquished Creatures
  2 entropy weavers (Lair:6)
  A minotaur (Lab)
  A hydra (Lair:2)
  A death yak (Lair:6)
  A queen ant (Lair:6)
  2 two-headed ogres
  Urug (Lair:2)
  An oklob plant (Lair:5)
  4 black mambas
  3 elephants (Lair:4)
  2 rime drakes
  12 spiny frogs
  6 komodo dragons
  2 trolls
  A hornet (Lair:4)
  6 hippogriffs
  15 blink frogs
  10 dream sheep
  A tyrant leech (Lair:4)
  Sigmund (D:2)
  27 yaks
  A spriggan (D:8)
  3 basilisks
  2 hungry ghosts (D:10)
  A swamp worm (Lair:4)
  5 soldier ants (Lair:6)
  11 water moccasins
  14 porcupines
  2 sky beasts
  8 orc warriors
  An ice beast (D:9)
  A phantom (D:10)
  9 wolves
  2 black mamba simulacra (Lair:6)
  5 ogres
  7 centaurs
  14 crocodiles
  A big kobold (D:5)
  Blork the orc (D:4)
  10 bullfrogs
  A scorpion (Lair:4)
  3 wights (D:10)
  5 electric eels (Lair:5)
  A howler monkey (D:5)
  4 crimson imps
  A bullfrog zombie (D:9)
  5 centaur zombies
  A quasit (D:6)
  4 hounds
  2 bullfrog skeletons
  7 orc priests
  A jelly (D:5)
  14 orc wizards
  An iguana (D:9)
  13 worker ants
  A hound zombie (D:9)
  A worker ant zombie (D:8)
  7 gnolls
  6 adders
  An ooze (D:1)
  3 adder zombies
  5 worms
  8 leopard geckos
  95 orcs
  10 giant cockroaches
  4 goblins
  8 hobgoblins
  8 jackals (D:2)
  5 quokkas
  7 bats
  6 frilled lizards
  6 kobolds
  4 rats
446 creatures vanquished.

Vanquished Creatures (collateral kills)
  A rime drake (Lair:6)
  5 dream sheep (Lair:6)
  A hippogriff (Lair:6)
  6 yaks (Lair:6)
13 creatures vanquished.

Vanquished Creatures (others)
  20 fungi
  8 plants
28 creatures vanquished.

Grand Total: 487 creatures vanquished

Notes
Turn   | Place    | Note
-------+----------+-------------------------------------------
     0 | D:1      | Singularity42 the Gargoyle Fighter began the quest for the Orb.
     0 | D:1      | Reached XP level 1. HP: 14/14 MP: 1/1
   249 | D:1      | Reached XP level 2. HP: 16/19 MP: 2/2
   290 | D:1      | Reached skill level 3 in Maces & Flails
   874 | D:2      | Reached XP level 3. HP: 23/23 MP: 3/3
  1153 | D:2      | Noticed an ogre
  1444 | D:2      | Killed an ogre
  1444 | D:2      | Reached skill level 4 in Maces & Flails
  1444 | D:2      | Reached XP level 4. HP: 28/28 MP: 4/4
  1444 | D:2      | Reached XP level 5. HP: 32/32 MP: 5/5
  1509 | D:2      | Noticed Sigmund
  1544 | D:2      | Killed Sigmund
  1544 | D:2      | Reached skill level 5 in Maces & Flails
  1544 | D:2      | Reached skill level 5 in Shields
  1544 | D:2      | Reached XP level 6. HP: 6/37 MP: 6/6
  2731 | D:4      | Reached XP level 7. HP: 41/41 MP: 7/7
  2889 | D:4      | Reached skill level 6 in Maces & Flails
  3141 | D:4      | Noticed Blork the orc
  3159 | D:4      | Killed Blork the orc
  3719 | D:5      | Entered Level 5 of the Dungeon
  3800 | D:5      | Reached XP level 8. HP: 46/46 MP: 8/8
  3939 | D:5      | Reached skill level 7 in Maces & Flails
  4363 | D:5      | Reached skill level 8 in Maces & Flails
  4860 | D:6      | Reached XP level 9. HP: 25/51 MP: 9/9
  5643 | D:7      | Found a shattered altar of Ashenzari.
  5746 | D:7      | Reached skill level 9 in Maces & Flails
  5757 | D:7      | Got a clouded golden amulet
  5772 | D:7      | Identified the amulet "Pamag" {+Rage rPois Dex+3} (You found it on level 7 of the Dungeon)
  6007 | D:7      | Found a staircase to the Ecumenical Temple.
  6013 | Temple   | Entered the Ecumenical Temple
  6063 | Temple   | Became a worshipper of Makhleb the Destroyer
  6292 | D:7      | Reached skill level 1 in Invocations
  6911 | D:8      | Reached skill level 5 in Armour
  6915 | D:8      | Reached skill level 5 in Fighting
  7028 | D:8      | Reached XP level 10. HP: 49/59 MP: 11/11
  7075 | D:8      | Noticed a two-headed ogre
  7096 | D:8      | Killed a two-headed ogre
  7096 | D:8      | Reached * piety under Makhleb
  7096 | D:8      | Reached skill level 10 in Maces & Flails
  7158 | D:8      | Got an ancient plate armour
  7169 | D:8      | Identified the cursed +0 plate armour "Tecas" {-Cast rPois Str+5 Stlth+} (You took it off an orc on level 8 of the Dungeon)
  7304 | D:8      | Found a staircase to the Lair.
  7351 | D:8      | Reached skill level 10 in Shields
  7398 | D:9      | Found Daashy's General Store.
  7405 | D:9      | Bought a +4 amulet of reflection for 378 gold pieces
  7494 | D:9      | Found Xosiexoneo's Gadget Shop.
  7666 | D:9      | Found Tohein's Gadget Shoppe.
  7677 | D:9      | Found Wuicziw's General Store.
  7687 | D:9      | Bought a potion of curing for 39 gold pieces
  7687 | D:9      | Bought a scroll of amnesia for 45 gold pieces
  7757 | D:9      | Reached ** piety under Makhleb
  7910 | D:9      | Found Xenkeame's Armour Shop.
  7934 | D:10     | Entered Level 10 of the Dungeon
  7955 | D:10     | Found Cuary's Book Emporium.
  8083 | D:10     | Noticed a two-headed ogre
  8102 | D:10     | Killed a two-headed ogre
  8102 | D:10     | Reached XP level 11. HP: 57/66 MP: 14/14
  8110 | D:10     | Reached skill level 11 in Maces & Flails
  8244 | D:10     | Reached skill level 5 in Invocations
  8411 | D:10     | Paralysed by fainting for 5 turns
  8468 | D:10     | Found a staircase to the Orcish Mines.
  8491 | D:10     | Reached *** piety under Makhleb
  8614 | D:10     | Found a runed door.
  8626 | D:10     | Noticed Azzok's ghost (novice GrEE)
  9057 | Lair:1   | Entered Level 1 of the Lair of Beasts
 10286 | Lair:2   | Found a labyrinth entrance.
 10297 | Lab      | Entered a labyrinth
 10648 | Lab      | Noticed a minotaur
 10663 | Lab      | Killed a minotaur
 10663 | Lab      | Reached skill level 12 in Maces & Flails
 10665 | Lab      | Got a scorched pewter amulet
 10700 | Lair:2   | Reached XP level 12. HP: 73/73 MP: 16/16
 10740 | Lair:2   | Identified the amulet "Sicrerph" {Faith rPois MR+ Dex-3} (You took it off a minotaur in a labyrinth)
 10960 | Lair:2   | Noticed a four-headed hydra
 10968 | Lair:2   | Killed a four-headed hydra
 11166 | Lair:2   | Reached **** piety under Makhleb
 11285 | Lair:2   | Noticed Urug
 11295 | Lair:2   | Killed Urug
 11295 | Lair:2   | Reached skill level 1 in Evocations
 12416 | Lair:4   | Found a hole to the Spider Nest.
 12425 | Lair:4   | Reached skill level 13 in Maces & Flails
 12430 | Lair:4   | Reached ***** piety under Makhleb
 12550 | Lair:4   | Reached XP level 13. HP: 80/80 MP: 18/18
 12676 | Lair:4   | Found a staircase to the Swamp.
 13490 | Lair:5   | Found a staircase to the Slime Pits.
 14326 | Lair:6   | Entered Level 6 of the Lair of Beasts
 14542 | Lair:6   | Noticed an entropy weaver
 14542 | Lair:6   | Noticed an entropy weaver
 14556 | Lair:6   | Killed an entropy weaver
 14570 | Lair:6   | Killed an entropy weaver
 14867 | Lair:6   | Found a runed gate.
 14867 | Lair:6   | Found a runed gate.
 14867 | Lair:6   | Found a runed gate.
 14918 | Lair:6   | Noticed faabs's ghost (journeyman GrEE)
 14924 | Lair:6   | Demolished by a five-headed hydra simulacrum

Vault maps used:
D:1:      erik_arrival_cave_to_civilisation, minmay_misc_feat_tower
D:2:      serial_forest, infiniplex_forest_clump_double,
          infiniplex_forest_lined_ring, infiniplex_forest_end_double,
          infiniplex_forest_lined_2, infiniplex_forest_straight_5,
          infiniplex_forest_end_1, infiniplex_forest_lined_room_2,
          infiniplex_forest_end_1, uniq_sigmund
D:4:      first_ration, uniq_blork_the_orc
D:5:      minmay_small_thing
D:7:      old_standard_altar, minmay_temple_entry_hall
D:8:      grunt_lair_entry_orc_guard_hut, special_room, the_bakery,
          kennysheep_doodads
D:9:      serial_shops, nicolae_shop_crystal, shop_statue, shop_fountains, shop,
          shop
D:10:     hiddenorc2_lemuel, serial_shops, shop, ebering_ghost_reflecting_pool
Temple:   nicolae_temple_the_god_donut
Lair:2:   lab_entry_generic, uniq_urug
Lair:3:   lemuel_fruit_tree
Lair:4:   minmay_swamp_entry_worms, nicolae_spider_entry_non_spiders
Lair:5:   minmay_slime_entry_oklob_open, serial_bayou, serial_bayou_pond_e,
          serial_bayou_lake_a, serial_bayou_crossing, serial_bayou_lagoon_b,
          serial_bayou_pond_a
Lair:6:   evilmike_catoblepas_cave, gammafunk_ghost_icy, st_stairs_7,
          wad_woods_antlair, minmay_lair_oklob_chamber
Lab:      labyrinth_spiral

Skill      XL: |  1  2  3  4  5  6  7  8  9 10 11 12 13 |
---------------+----------------------------------------+-----
Maces & Flails | 3 4 5 6 8 9 10 12 13 | 13.9
Shields        | 4 5 7 8 9 10 11 12 | 12.4
Fighting       | 5 6 7 8 9 |  9.8
Armour         | 5 6 7 8 9 |  9.8
Invocations    | 2 4 6 7 9 |  9.7
Evocations     | 2 4 |  4.3

Action                   |  1- 3 |  4- 6 |  7- 9 | 10-12 | 13-15 || total
-------------------------+-------+-------+-------+-------+-------++-------
Melee: Flail             |   147 |   119 |   615 |       |       ||   881
       Morningstar       |       |       |    29 |   827 |   362 ||  1218
Throw: Javelin           |     2 |       |       |       |       ||     2
Invok: Minor Destruction |       |       |       |     5 |       ||     5
       Lesser Servant of |       |       |       |       |     4 ||     4
  Use: Potion            |       |     1 |     1 |     1 |       ||     3
       Scroll            |       |     4 |       |    18 |     1 ||    23
  Eat: Chunk             |     2 |     4 |    16 |    17 |     9 ||    48
       Ration            |       |       |       |     3 |       ||     3
Armor: Scale mail        |    39 |     1 |   167 |       |       ||   207
       Ring mail         |    40 |    67 |       |       |       ||   107
       Chain mail        |       |       |    91 |       |       ||    91
       Plate armour      |       |       |    35 |   372 |   181 ||   588
Dodge: Dodged            |    50 |    54 |   170 |   111 |    73 ||   458
Block: Shield            |    93 |    78 |   332 |   589 |   284 ||  1376
       Reflection        |       |       |       |    16 |     5 ||    21

Table legend:
 A = Spawn XP
 B = Non-spawn XP
 C = Spawn XP percentage of total XP
 D = Spawn monster count
 E = Non-spawn monster count
 F = Spawn count percentage of total count
 G = Total turns spent on level
                    A         B        C        D         E        F      G
               +---------+---------+-------+---------+---------+-------+---------
         Total |       0 |   53369 |   0.0 |       0 |     459 |   0.0 | 14924
               +---------+---------+-------+---------+---------+-------+---------
           D:1 |       0 |      27 |   0.0 |       0 |      14 |   0.0 |  1083
           D:2 |       0 |     443 |   0.0 |       0 |      33 |   0.0 |  1103
           D:3 |       0 |     117 |   0.0 |       0 |      20 |   0.0 |   490
           D:4 |       0 |     509 |   0.0 |       0 |      33 |   0.0 |  1043
           D:5 |       0 |    1158 |   0.0 |       0 |      21 |   0.0 |  1065
           D:6 |       0 |     648 |   0.0 |       0 |      17 |   0.0 |   722
           D:7 |       0 |    1042 |   0.0 |       0 |      26 |   0.0 |   976
           D:8 |       0 |    2770 |   0.0 |       0 |      36 |   0.0 |  1047
           D:9 |       0 |    1468 |   0.0 |       0 |      27 |   0.0 |   549
          D:10 |       0 |    4118 |   0.0 |       0 |      55 |   0.0 |  1069
        Lair:1 |       0 |    3535 |   0.0 |       0 |      14 |   0.0 |   933
        Lair:2 |       0 |    6491 |   0.0 |       0 |      25 |   0.0 |   932
        Lair:3 |       0 |    4817 |   0.0 |       0 |      21 |   0.0 |   807
        Lair:4 |       0 |    7360 |   0.0 |       0 |      38 |   0.0 |   935
        Lair:5 |       0 |    4657 |   0.0 |       0 |      24 |   0.0 |  1119
        Lair:6 |       0 |   12917 |   0.0 |       0 |      54 |   0.0 |   598
           Lab |       0 |    1292 |   0.0 |       0 |       1 |   0.0 |   390
               +---------+---------+-------+---------+---------+-------+---------
